[Event "Team 45 45 League T38"]
[Site "Internet Chess Club"]
[Date "2008.08.19"]
[Round "4"]
[White "PopolVuh"]
[Black "shakkimestari"]
[Result "1/2-1/2"]
[WhiteElo "1989"]
[BlackElo "2104"]
[Opening "English opening"]
[ECO "A21"]
[Time "11:00:31"]
[TimeControl "2700+45"]

1. c4 e5 2. Nc3 f5 3. g3 Nc6 4. Bg2 Nf6 5. d3 Be7 6. Nf3 d6 7. O-O O-O 8. Bg5 h6
9. Bxf6 Bxf6 10. Nd5 g5 11. Nd2 Kh7 12. Rb1 Bg7 13. e3 Ne7 14. Nxe7 Qxe7 15. b4
f4 16. Qe2 Qf7 17. Bd5 Qf6 18. f3 c6 19. Be4+ Kh8 20. b5 Bh3 21. Rfe1 Rac8 22.
g4 h5 23. Bf5 Rc7 24. Ne4 Qh6 25. Nf2 hxg4 26. Bxg4 Bxg4 27. Nxg4 Qh5 28. e4
{Game drawn by mutual agreement} 1/2-1/2

[Event "Team 45 45 League T38"]
[Site "Internet Chess Club"]
[Date "2008.08.15"]
[Round "4"]
[White "Petrozjan"]
[Black "cer7"]
[Result "1-0"]
[WhiteElo "2105"]
[BlackElo "2064"]
[Opening "Catalan: open, 5.Nf3"]
[ECO "E04"]
[Time "11:06:23"]
[TimeControl "2700+45"]

1. d4 Nf6 2. Nf3 e6 3. c4 d5 4. g3 dxc4 5. Bg2 a6 6. O-O Nd5 7. Ne5 b5 8. a4 Bb7
9. axb5 axb5 10. Rxa8 Bxa8 11. b3 cxb3 12. Qxb3 c6 13. e4 Nb6 14. d5 exd5 15.
exd5 Nxd5 16. Nc3 b4 17. Nxd5 cxd5 18. Qa4+ Nc6 19. Nxc6 Bxc6 20. Qxc6+ Qd7 21.
Re1+ Be7 22. Qa8+ Qd8 23. Qa4+ Qd7 24. Qxb4 {Black resigns} 1-0

[Event "Team 45 45 League T38"]
[Site "Internet Chess Club"]
[Date "2008.08.17"]
[Round "4"]
[White "LIVVI"]
[Black "Elita499"]
[Result "0-1"]
[WhiteElo "1473"]
[BlackElo "1697"]
[Opening "QGA, 4.Nc3"]
[ECO "D24"]
[Time "20:05:41"]
[TimeControl "2700+45"]

1. d4 Nf6 2. Nf3 d5 3. c4 dxc4 4. Nc3 e6 5. e4 Bb4 6. Bg5 h6 7. Bxf6 Qxf6 8.
Bxc4 Nc6 9. O-O O-O 10. e5 Qd8 11. Bb3 b6 12. a3 Bxc3 13. bxc3 Bb7 14. Qd3 Ne7
15. Bc2 Ng6 16. g3 Qd5 17. Bd1 Nxe5 18. Qe3 Nxf3+ 19. Bxf3 Qxf3 20. Qxf3 Bxf3
21. Rfe1 Rad8 22. Re3 Bd5 23. Kf1 Rc8 24. Ke2 c5 25. Kd2 cxd4 26. cxd4 Rc4 27.
Rc3 Rxd4+ 28. Ke1 Rc4 29. Rac1 Rfc8 30. Kd2 Rxc3 31. Rxc3 Rxc3 32. Kxc3 a6 33.
Kd4 Kf8 34. Ke5 f6+ 35. Kd6 Ke8 36. Kc7 Bc4 37. Kxb6 Kf7 38. Kc7 Kg6 39. Kd6 Kf5
40. f4 g5 41. fxg5 fxg5 42. h3 h5 43. a4 e5 44. g4+ hxg4 45. hxg4+ Kf4 46. Kc5
Bb3 47. a5 Kxg4 48. Kb4 Bd1 49. Kc4 Be2+ 50. Kc3 Bb5 51. Kd2 Kf3 52. Ke1 g4 53.
Kd2 g3 54. Ke1 g2 55. Kd2 g1=Q 56. Kc3 Qd4+ 57. Kc2 Qd3+ 58. Kc1 Qc3+ 59. Kb1
Ba4 60. Ka2 Qb3+ 61. Ka1 Qb5 62. Ka2 Ke3 63. Ka1 Kd2 64. Ka2 Kc3 65. Ka1 Qb2#
{White checkmated} 0-1

[Event "Team 45 45 League T38"]
[Site "Internet Chess Club"]
[Date "2008.08.18"]
[Round "4"]
[White "rayngrant"]
[Black "klutzer"]
[Result "1-0"]
[WhiteElo "1531"]
[BlackElo "1620"]
[Opening "Sicilian: dragon, Yugoslav attack"]
[ECO "B75"]
[Time "21:00:24"]
[TimeControl "2700+45"]

1. e4 c5 2. Nf3 d6 3. d4 cxd4 4. Nxd4 Nf6 5. Nc3 g6 6. f3 Bg7 7. Be3 a6 8. Qd2
b5 9. O-O-O Bb7 10. Be2 Nbd7 11. h4 O-O 12. g4 Nc5 13. h5 Qa5 14. a3 b4 15. axb4
Qxb4 16. hxg6 fxg6 17. Bh6 Rf7 18. Bxg7 Rxg7 19. Rh6 Na4 20. Nxa4 Qxa4 21. Nb3
Rc8 22. Qd3 a5 23. Rdh1 Qb4 24. Nd4 Qa4 25. Qb3+ Qxb3 26. Nxb3 a4 27. Nd4 e5 28.
Ne6 Re7 29. Ng5 Rcc7 30. Kb1 Bc8 31. Bb5 a3 32. b3 Bd7 33. Bc4+ Kg7 34. Nxh7
Nxh7 35. Rxh7+ Kf6 36. Rxe7 Kxe7 37. g5 a2+ 38. Kxa2 d5 39. exd5 Kd6 40. Rh6 Bf5
41. Kb2 e4 42. fxe4 Bxe4 43. Rh8 Rd7 44. Bb5 Rc7 45. Rd8+ Ke5 46. c4 Rh7 47. d6
Rh2+ 48. Ka3 Bb1 49. d7 Ra2+ 50. Kb4 Kd6 51. Re8 {Black resigns} 1-0

[Event "Team 45 45 League T38"]
[Site "Internet Chess Club"]
[Date "2008.08.15"]
[Round "4"]
[White "arconia"]
[Black "OOB1"]
[Result "0-1"]
[WhiteElo "1338"]
[BlackElo "1541"]
[Opening "Sicilian defense"]
[ECO "B30"]
[Time "21:03:08"]
[TimeControl "2700+45"]

1. e4 c5 2. Nf3 Nc6 3. Nc3 e6 4. Be2 Nf6 5. O-O d6 6. d3 Be7 7. a3 d5 8. e5 Nd7
9. Bf4 Qc7 10. Nb5 Qd8 11. c3 O-O 12. d4 f6 13. c4 fxe5 14. Bg3 cxd4 15. a4 a6
16. Na3 e4 17. Nxd4 Nxd4 18. Qxd4 Bf6 19. Qd2 Nc5 20. f4 Nb3 21. Qc2 Nxa1 22.
Rxa1 Qb6+ 23. Bf2 Qxb2 24. Qd1 Qxa1 25. Qxa1 Bxa1 26. Nc2 Bf6 27. c5 d4 28. h3
d3 {White resigns} 0-1

[Event "Team 45 45 League T38"]
[Site "Internet Chess Club"]
[Date "2008.08.14"]
[Round "4"]
[White "Fidelian"]
[Black "rgadoury"]
[Result "1-0"]
[WhiteElo "1327"]
[BlackElo "1261"]
[Opening "Ruy Lopez: Cozio defense"]
[ECO "C60"]
[Time "14:02:27"]
[TimeControl "2700+45"]

1. e4 e5 2. Nf3 Nc6 3. Bb5 Nge7 4. d4 a6 5. Bxc6 Nxc6 6. d5 Ne7 7. Nxe5 d6 8.
Nf3 f6 9. Nc3 Ng6 10. g3 Bg4 11. h3 Bxf3 12. Qxf3 Ne5 13. Qe2 b5 14. b3 Qd7 15.
f4 Nf7 16. g4 b4 17. Nd1 Qb5 18. Qxb5+ axb5 19. Bd2 Kd7 20. Bxb4 c6 21. Ne3 c5
22. Bc3 b4 23. Bd2 g6 24. c3 bxc3 25. Bxc3 Be7 26. g5 fxg5 27. Bxh8 Rxh8 28. f5
gxf5 29. Nxf5 Ne5 30. Nxe7 Kxe7 31. Ke2 Rf8 32. Raf1 Rf4 33. Rxf4 gxf4 34. Rf1
Ng6 35. a4 {Black resigns} 1-0

[Event "Team 45 45 League T38"]
[Site "Internet Chess Club"]
[Date "2008.08.19"]
[Round "4"]
[White "ElmerHo"]
[Black "lafuga3"]
[Result "0-1"]
[WhiteElo "1618"]
[BlackElo "1600"]
[Opening "French: Steinitz, Boleslavsky variation"]
[ECO "C11"]
[Time "15:00:24"]
[TimeControl "2700+45"]

1. e4 e6 2. d4 d5 3. Nc3 Nf6 4. e5 Nfd7 5. f4 c5 6. Nf3 Nc6 7. Be3 Be7 8. Qd2
O-O 9. Be2 f6 10. O-O-O fxe5 11. fxe5 cxd4 12. Bxd4 Ndxe5 13. Kb1 Nxf3 14. Bxf3
Nxd4 15. Qxd4 Bf6 16. Qd2 Qb6 17. Na4 Qc6 18. Nc3 Bxc3 19. Qxc3 Qxc3 20. bxc3 b5
21. Rd4 Bd7 22. Kc1 Rac8 23. Kd2 Rc5 24. Rb1 Rfc8 25. Rb3 a5 26. Bd1 a4 27. Ra3
e5 28. Rb4 Kf7 {White resigns} 0-1

[Event "Team 45 45 League T38"]
[Site "Internet Chess Club"]
[Date "2008.08.17"]
[Round "4"]
[White "pedrin"]
[Black "civilization"]
[Result "1-0"]
[WhiteElo "1626"]
[BlackElo "1594"]
[Opening "Grünfeld: exchange, classical variation"]
[ECO "D86"]
[Time "13:00:52"]
[TimeControl "2700+45"]

1. d4 Nf6 2. c4 g6 3. Nc3 d5 4. cxd5 Nxd5 5. e4 Nxc3 6. bxc3 Bg7 7. Bc4 O-O 8.
Nf3 c5 9. O-O Nc6 10. Bd5 e6 11. Bxc6 bxc6 12. Bg5 Qc7 13. Qc2 cxd4 14. cxd4 c5
15. Rfc1 Bb7 16. Rab1 h6 17. Be3 Rfc8 18. dxc5 Kh7 19. Nd2 Qc6 20. f3 Rab8 21.
Bf4 e5 22. Be3 Bf8 23. Qb3 Kg7 24. Qb2 Qc7 25. Qc3 f6 26. Qa3 Ba8 27. Rxb8 Rxb8
28. Rb1 Rxb1+ 29. Nxb1 a5 30. Qc1 Bb7 31. Bxh6+ Kf7 32. Qc4+ Ke8 33. Bxf8 Kxf8
34. Nc3 Qc6 35. Qd5 Qc7 36. Qd6+ Qxd6 37. cxd6 Ke8 38. Na4 Bc6 39. Nc5 a4 40. a3
g5 41. g3 Kd8 42. h4 Be8 43. Kg2 Bf7 44. Kh3 Kc8 45. hxg5 fxg5 46. Kg4 Bb3 47.
Kxg5 Bd1 48. f4 exf4 49. gxf4 Kd8 50. e5 Bb3 51. f5 Ke8 52. d7+ Ke7 53. e6 Bd5
54. f6+ Kd8 55. e7+ Kc7 56. d8=Q+ Kc6 57. e8=Q+ Kxc5 58. Qc7+ Kd4 59. Qee5+
{Black resigns} 1-0

[Event "Team 45 45 League T38"]
[Site "Internet Chess Club"]
[Date "2008.08.14"]
[Round "4"]
[White "Invicta-Knight"]
[Black "Camalleo"]
[Result "1-0"]
[WhiteElo "1532"]
[BlackElo "1595"]
[Opening "Sicilian: closed"]
[ECO "B23"]
[Time "13:05:02"]
[TimeControl "2700+45"]

1. e4 c5 2. Nc3 e6 3. f4 d5 4. exd5 exd5 5. d4 Nf6 6. Be2 a6 7. dxc5 Bxc5 8. Bf3
d4 9. Qe2+ Be7 10. Ne4 O-O 11. Nxf6+ Bxf6 12. Qd3 Nc6 13. a3 Re8+ 14. Ne2 Bh4+
15. g3 Bf6 16. O-O Qb6 17. b4 Ne7 18. Bb2 Bf5 19. Qc4 d3+ 20. Bd4 Bxd4+ 21. Qxd4
Qxd4+ 22. Nxd4 Rad8 23. Nxf5 Nxf5 24. cxd3 Rxd3 25. Bxb7 a5 26. bxa5 Rd2 27.
Rfe1 Red8 28. a6 Nd6 29. Rad1 Ra2 30. Rxd6 Rf8 31. Rd3 h6 32. a7 Rb2 33. a8=Q
Rxa8 34. Bxa8 Rb8 35. Be4 Re8 36. Bh7+ {Black resigns} 1-0

[Event "Team 45 45 League T38"]
[Site "Internet Chess Club"]
[Date "2008.08.16"]
[Round "4"]
[White "SuperPeon"]
[Black "Flying-Tiger"]
[Result "1-0"]
[WhiteElo "2186"]
[BlackElo "1860"]
[Opening "Sicilian: accelerated fianchetto, Maróczy bind"]
[ECO "B36"]
[Time "18:14:15"]
[TimeControl "2700+45"]

1. e4 c5 2. Nf3 g6 3. c4 Nc6 4. d4 cxd4 5. Nxd4 Nf6 6. Nc3 d6 7. Be2 Nxd4 8.
Qxd4 Bg7 9. Be3 O-O 10. Qd2 Be6 11. Rc1 Qa5 12. f3 Rfc8 13. b3 a6 14. O-O b5 15.
Nd5 Qxd2 16. Bxd2 Nxd5 17. exd5 Bd7 18. Be3 bxc4 19. bxc4 Rcb8 20. Rb1 Bf5 21.
Rb3 Rxb3 22. axb3 Rb8 23. Bd1 a5 24. Rf2 Bc3 25. Ra2 Bb4 26. Kf2 h5 27. Bd4 Rb7
28. g4 hxg4 29. fxg4 Bd7 30. h4 f6 31. h5 g5 32. Kf3 Kg7 33. Rh2 Kh6 34. Re2 Bc8
35. Bc2 Bd7 36. Kg3 Bc8 37. Bb2 Rc7 38. Bd3 Rb7 39. Ba1 Rc7 40. Bd4 Rb7 41. Bc2
Ba3 42. Bc3 Bb4 43. Be1 Ra7 44. Bg6 Rb7 45. Bxb4 axb4 46. Ra2 Kg7 47. Ra8 Rc7
48. Rb8 Kh6 49. Rxb4 e6 50. dxe6 Bxe6 51. Rb6 Rd7 52. c5 f5 53. gxf5 dxc5 54.
fxe6 Rc7 55. Rb8 Kg7 56. Kg4 c4 57. b4 c3 58. Kxg5 c2 59. h6# {Black checkmated}
1-0

[Event "Team 45 45 League T38"]
[Site "Internet Chess Club"]
[Date "2008.08.16"]
[Round "4"]
[White "zachi"]
[Black "BrooklynDonnie"]
[Result "1-0"]
[WhiteElo "1968"]
[BlackElo "2219"]
[Opening "Sicilian: closed"]
[ECO "B23"]
[Time "13:51:23"]
[TimeControl "2700+45"]

1. e4 c5 2. Nc3 e6 3. g3 Nc6 4. Bg2 g6 5. d3 Bg7 6. Be3 d6 7. f4 Nge7 8. Rb1 Bd4
9. Bxd4 cxd4 10. Nce2 Qa5+ 11. Kf2 Qxa2 12. Nf3 e5 13. Qd2 Qe6 14. b4 O-O 15.
Ng5 Qf6 16. b5 Nd8 17. h4 Bg4 18. Bh3 Bxh3 19. Rxh3 a5 20. Kg2 Ne6 21. h5 Nxg5
22. fxg5 Qh8 23. Rbh1 d5 24. hxg6 fxg6 25. Rh6 dxe4 26. dxe4 Rf7 27. Nc1 a4 28.
Nd3 a3 29. Qb4 Rc8 30. Qxa3 Rxc2+ 31. Kg1 Qg7 32. Rxh7 Qxh7 33. Rxh7 Kxh7 34.
Qb3 {Black resigns} 1-0

[Event "Team 45 45 League T38"]
[Site "Internet Chess Club"]
[Date "2008.08.17"]
[Round "4"]
[White "fishhead"]
[Black "Wheels"]
[Result "0-1"]
[WhiteElo "1852"]
[BlackElo "1893"]
[Opening "Sicilian: Najdorf, 7...Qb6"]
[ECO "B97"]
[Time "17:59:48"]
[TimeControl "2700+45"]

1. e4 c5 2. Nf3 d6 3. d4 cxd4 4. Nxd4 Nf6 5. Nc3 a6 6. Bg5 e6 7. f4 Qb6 8. Nb3
Be7 9. Qf3 Nbd7 10. O-O-O Qc7 11. Nd4 h6 12. Bh4 b5 13. Bd3 Bb7 14. Rhe1 b4 15.
Nce2 Nc5 16. Ng3 Rc8 17. Kb1 Nfxe4 18. Bxe4 Nxe4 19. Nxe4 Bxh4 20. Nxd6+ Qxd6
21. Qxb7 Rb8 22. Nc6 Qxd1+ 23. Rxd1 Rxb7 {White resigns} 0-1

[Event "Team 45 45 League T38"]
[Site "Internet Chess Club"]
[Date "2008.08.17"]
[Round "4"]
[White "Fuzzie"]
[Black "pishd"]
[Result "0-1"]
[WhiteElo "1796"]
[BlackElo "1854"]
[Opening "Caro-Kann: anti-anti-Caro-Kann defense"]
[ECO "B10"]
[Time "11:07:15"]
[TimeControl "2700+45"]

1. e4 c6 2. c4 d5 3. cxd5 cxd5 4. exd5 Nf6 5. Nc3 Nxd5 6. Bc4 Nb6 7. Bb3 g6 8.
Qf3 e6 9. Nge2 Bg7 10. O-O Nc6 11. Rd1 O-O 12. d3 Bd7 13. d4 Na5 14. Bc2 Bc6 15.
Qg3 Bd5 16. Bf4 Qd7 17. b3 Rac8 18. Rac1 a6 19. Ne4 Bxe4 20. Bxe4 Nd5 21. Be5
Nc6 22. Bxg7 Kxg7 23. Qf3 Nce7 24. Nf4 Rxc1 25. Rxc1 Nxf4 26. Qxf4 Qxd4 27. Qf3
Qb2 28. Qc3+ Qxc3 29. Rxc3 Rd8 30. Kf1 Nd5 31. Rc4 Rd7 32. g3 Kf6 33. Ke2 h5 34.
h4 Ke5 35. f4+ Kd6 36. Kf3 f5 37. Bb1 Rc7 38. Rxc7 Kxc7 39. Bd3 Kd6 40. a3 Kc5
41. a4 Kd4 42. Bc4 Kc3 43. Ke2 Kb4 44. Kf3 b5 45. axb5 axb5 46. Bf1 Nc3 47. Ke3
Kxb3 48. Kd4 Kc2 49. Kc5 b4 50. Kxb4 Ne4 51. Bc4 Nxg3 52. Bxe6 Ne2 53. Bf7 Nxf4
54. Kc4 Kd2 55. Kd4 Ke2 56. Ke5 Kf3 57. Bxg6 Nxg6+ 58. Kxf5 Kg3 59. Kg5 Nf4 60.
Kf5 Nh3 61. Kg6 Kxh4 62. Kf5 Kg3 {White resigns} 0-1

[Event "Team 45 45 League T38"]
[Site "Internet Chess Club"]
[Date "2008.08.14"]
[Round "4"]
[White "trophyking"]
[Black "decox"]
[Result "1-0"]
[WhiteElo "2259"]
[BlackElo "2032"]
[Opening "QGD semi-Slav: Meran, Wade variation"]
[ECO "D47"]
[Time "21:02:36"]
[TimeControl "2700+45"]

1. d4 d5 2. c4 c6 3. Nc3 Nf6 4. Nf3 e6 5. e3 Nbd7 6. Bd3 dxc4 7. Bxc4 b5 8. Bd3
Bb7 9. e4 b4 10. Na4 c5 11. e5 Nd5 12. O-O Be7 13. Nxc5 Nxc5 14. dxc5 Bxc5 15.
Ng5 Rc8 16. Qh5 g6 17. Qh3 Kf8 18. Bxg6 Qb6 19. Qh6+ Ke7 20. Bxf7 Rc7 21. Qg7
Rf8 22. Qxh7 Kd8 23. Nxe6+ Qxe6 24. Bg5+ Nf6 25. Bxf6+ Qxf6 26. exf6 Rfxf7 27.
Rfd1+ Kc8 28. Qf5+ Kb8 29. Rd8+ Bc8 30. Qe6 {Black resigns} 1-0

[Event "Team 45 45 League T38"]
[Site "Internet Chess Club"]
[Date "2008.08.17"]
[Round "4"]
[White "MrShaw"]
[Black "FriedEggs"]
[Result "1/2-1/2"]
[WhiteElo "1888"]
[BlackElo "1870"]
[Opening "Ruy Lopez: Berlin defense, open variation"]
[ECO "C67"]
[Time "11:04:42"]
[TimeControl "2700+45"]

1. e4 e5 2. Nf3 Nc6 3. Bb5 Nf6 4. O-O Nxe4 5. d4 Nd6 6. Bxc6 dxc6 7. Nxe5 Be7 8.
Nc3 O-O 9. Be3 Nf5 10. Ne4 Be6 11. c3 f6 12. Nd3 Nxe3 13. fxe3 Qd5 14. Nec5 Bc8
15. e4 Qg5 16. Qb3+ Kh8 17. Rf3 b6 18. Ne6 Bxe6 19. Qxe6 Bd6 20. Raf1 Rae8 21.
Qf5 Qxf5 22. exf5 Re2 23. Re1 Rxe1+ 24. Nxe1 c5 25. d5 Re8 26. Nd3 c4 27. Nf4
Bxf4 28. Rxf4 b5 29. Kf2 Re5 30. Rd4 Rxf5+ 31. Ke3 h5 32. d6 cxd6 33. Rxd6 a5
34. g3 a4 35. h3 Kh7 36. g4 hxg4 37. hxg4 Re5+ 38. Kf3 Kh6 39. Rb6 Kg5 40. a3 g6
41. Rb7 Rd5 42. Rb6 f5 43. gxf5 Kxf5 44. Rb8 g5 45. Rf8+ Ke6 46. Re8+ Kf7 47.
Rb8 Kg6 48. Rg8+ Kf5 49. Rf8+ Ke5 50. Re8+ Kd6 51. Rd8+ Kc6 52. Rc8+ Kb7 53. Rg8
Rd2 54. Rxg5 Rxb2 55. Ke3 Rb3 56. Kd4 Kc6 57. Rg6+ Kd7 58. Rg7+ Ke6 59. Rg6+ Kd7
60. Rg7+ {Game drawn by mutual agreement} 1/2-1/2

[Event "Team 45 45 League T38"]
[Site "Internet Chess Club"]
[Date "2008.08.17"]
[Round "4"]
[White "Emrebey"]
[Black "dalfonso"]
[Result "1/2-1/2"]
[WhiteElo "1594"]
[BlackElo "1848"]
[Opening "English: symmetrical variation"]
[ECO "A30"]
[Time "18:00:20"]
[TimeControl "2700+45"]

1. c4 c5 2. Nf3 g6 3. g3 Nc6 4. Bg2 Bg7 5. O-O d6 6. Nc3 e5 7. d3 Nge7 8. a3 O-O
9. Bd2 Rb8 10. Rb1 a5 11. Nb5 d5 12. cxd5 Nxd5 13. Qb3 Nce7 14. Rfc1 b6 15. Bg5
Bb7 16. Bxe7 Nxe7 17. Nd2 Bxg2 18. Kxg2 Nf5 19. e4 Nd4 20. Nxd4 Qxd4 21. Qc4
Rfd8 22. Rc3 Rd7 23. Qxd4 Rxd4 24. Nc4 f5 25. f3 f4 26. b4 axb4 27. axb4 b5 28.
bxc5 Rdd8 29. Nd6 b4 30. Rcb3 Bf8 31. Rxb4 Bxd6 32. cxd6 Rxb4 33. Rxb4 Rxd6 34.
gxf4 Rxd3 35. fxe5 Kf7 36. Rb7+ Ke6 37. Rxh7 Kxe5 38. Kg3 Rd1 39. Kf2 Kf4 40.
Rh4+ Kg5 41. Rg4+ Kf6 42. e5+ Kf5 43. e6 Rd8 44. e7 Re8 45. Re4 Kf6 46. Kg3 Rxe7
47. Rxe7 Kxe7 48. Kf4 Ke6 49. Ke4 Kf6 50. Kf4 g5+ 51. Kg4 Kg6 52. h3 Kf6 53. Kh5
Kf5 54. Kh6 Kf6 55. Kh5 Kf5 56. Kh6 Kf6 57. Kh7 Kf7 58. Kh6 Kf6 {Game drawn by
repetition} 1/2-1/2

[Event "Team 45 45 League T38"]
[Site "Internet Chess Club"]
[Date "2008.08.16"]
[Round "4"]
[White "b-spot"]
[Black "badmove"]
[Result "1-0"]
[WhiteElo "1750"]
[BlackElo "1572"]
[Opening "QGD semi-Slav: anti-Meran, Lilienthal variation"]
[ECO "D44"]
[Time "17:11:24"]
[TimeControl "2700+45"]

1. d4 d5 2. c4 c6 3. Nf3 Nf6 4. Nc3 e6 5. Bg5 dxc4 6. e4 b5 7. e5 h6 8. Bh4 g5
9. Nxg5 hxg5 10. Bxg5 Nbd7 11. g3 Bb7 12. Bg2 Qb6 13. exf6 O-O-O 14. O-O c5 15.
d5 b4 16. Rb1 Qa6 17. dxe6 Bxg2 18. e7 Bxf1 19. Qd5 Bxe7 20. fxe7 Bd3 21. Ne4
Bxb1 22. Nd6+ Kc7 23. Bf4 Kb6 24. Nxc4+ Kb5 25. Nd6+ Kb6 26. exd8=Q+ Rxd8 27.
Nxf7 Re8 28. Qd6+ Kb5 29. Qxd7+ Qc6 30. Qxe8 Qxe8 31. Nd6+ Ka4 32. Nxe8 Bxa2 33.
Be3 Kb5 34. Nd6+ Kc6 35. Ne4 c4 36. Bxa7 Bb1 37. f3 Kd5 38. Kf2 Bxe4 39. fxe4+
Kxe4 40. Ke2 Kf5 41. Bc5 b3 42. Kd2 {Black resigns} 1-0

[Event "Team 45 45 League T38"]
[Site "Internet Chess Club"]
[Date "2008.08.22"]
[Round "4"]
[White "mickeys"]
[Black "az2112"]
[Result "1-0"]
[WhiteElo "1883"]
[BlackElo "1689"]
[Opening "King's Indian: Larsen variation"]
[ECO "E90"]
[Time "21:01:49"]
[TimeControl "2700+45"]

1. d4 Nf6 2. Nf3 d6 3. c4 g6 4. Nc3 Bg7 5. e4 O-O 6. Be3 c6 7. Be2 Nbd7 8. h3 e5
9. O-O Re8 10. d5 c5 11. Nd2 a6 12. Qc2 Rb8 13. Rab1 Qa5 14. Rfc1 b5 15. cxb5
axb5 16. Bxb5 Rxb5 17. Nxb5 Qxb5 18. b4 cxb4 19. Nc4 Bf8 20. a3 Nxd5 21. exd5
Qxd5 22. Rxb4 Bb7 23. f3 e4 24. Rd1 Qc6 25. fxe4 Rxe4 26. Qa2 Qa6 27. Qb3 d5 28.
Rxb7 dxc4 29. Qb5 Qxb5 30. Rxb5 Rxe3 31. Rxd7 Bxa3 32. Rb8+ Kg7 33. Rbb7 Kh6 34.
Rxf7 c3 35. Rxh7+ Kg5 36. Rb5+ Kf4 37. Rh4+ Kg3 38. Rg4# {Black checkmated} 1-0

[Event "Team 45 45 League T38"]
[Site "Internet Chess Club"]
[Date "2008.08.18"]
[Round "4"]
[White "Manch"]
[Black "cityprosecutor"]
[Result "0-1"]
[WhiteElo "1510"]
[BlackElo "1753"]
[Opening "Grünfeld: Russian, Byrne (Simagin) variation"]
[ECO "D97"]
[Time "15:09:09"]
[TimeControl "2700+45"]

1. d4 Nf6 2. c4 g6 3. Nc3 d5 4. Nf3 Bg7 5. Qb3 dxc4 6. Qxc4 O-O 7. e4 Nc6 8. Be2
Nd7 9. Be3 Nb6 10. Qc5 f5 11. e5 f4 12. Bd2 Bg4 13. Ng5 Bf5 14. Nf3 Nd7 15. Qc4+
Kh8 16. Bxf4 Bg4 17. Be3 Bxf3 18. Bxf3 Ndxe5 19. dxe5 Nxe5 20. Qe2 Nd3+ 21. Kf1
Nxb2 22. Qxb2 Qd3+ 23. Be2 Qxc3 24. Qxc3 Bxc3 25. Rc1 Be5 26. g3 a6 27. Kg2 Bd6
28. Bf3 Rab8 29. Bc5 c6 30. Rhd1 Rbd8 31. Bxd6 exd6 32. Re1 Rd7 33. Bg4 Rdf7 34.
Re2 d5 35. f4 Rc7 36. Rce1 d4 37. Re7 Rxe7 38. Rxe7 Rb8 39. Be6 c5 40. Rc7 b6
41. Rc8+ Rxc8 42. Bxc8 a5 43. Ba6 Kg7 44. Kf3 Kf7 45. Ke4 Ke7 46. Kd5 Kd7 47. g4
a4 48. h4 a3 49. f5 gxf5 50. gxf5 Ke7 51. Ke5 h5 52. f6+ Kf8 53. Ke6 Ke8 54. Bd3
Kf8 55. Bg6 c4 56. Bxh5 c3 57. Bd1 d3 58. h5 c2 59. Bxc2 dxc2 60. h6 c1=Q 61. h7
{White resigns} 0-1

[Event "Team 45 45 League T38"]
[Site "Internet Chess Club"]
[Date "2008.08.15"]
[Round "4"]
[White "ElMarginal"]
[Black "Chess2Play"]
[Result "1/2-1/2"]
[WhiteElo "1511"]
[BlackElo "1590"]
[Opening "Sicilian defense"]
[ECO "B30"]
[Time "21:00:40"]
[TimeControl "2700+45"]

1. e4 c5 2. Nf3 Nc6 3. Bc4 g6 4. Ng5 e6 5. Nf3 Bg7 6. Nc3 Nf6 7. a3 O-O 8. d3 d5
9. exd5 exd5 10. Ba2 Bg4 11. O-O Nd4 12. h3 Nxf3+ 13. gxf3 Bxh3 14. Re1 d4 15.
Ne4 Nxe4 16. Rxe4 Re8 17. Bf4 Rxe4 18. fxe4 Qh4 19. Qf3 Bg4 20. Qg3 Qxg3+ 21.
fxg3 b6 22. Rf1 Be6 23. Bxe6 fxe6 24. g4 e5 25. Bg3 Rf8 26. Bh4 Rxf1+ 27. Kxf1
Kf7 28. Bd8 Ke6 29. Bc7 Bf6 30. Bb8 a6 31. Bc7 b5 32. b3 Kd7 33. Ba5 h5 34. gxh5
gxh5 35. Kg2 Be7 36. Bd2 Ke6 37. Kh3 Kf6 38. Bh6 Kg6 39. Bd2 Bg5 40. Be1 Bf4 41.
Bh4 Kf7 42. Bd8 Bc1 43. a4 bxa4 44. bxa4 Kg6 45. Bc7 Kf6 46. Kh4 Ke6 47. Kxh5
Bd2 48. Kg4 Kf6 49. Bd6 Bb4 50. Bc7 Ke6 51. Kg5 Bd2+ 52. Kg6 Bc1 53. Bb6 Ba3 54.
Bc7 Bb4 55. Bb6 Ba3 56. Bc7 Bb4 57. Kg7 Ba3 58. Kg6 Bc1 59. Kg7 Ba3 60. Kg6 Bc1
{Game drawn by repetition} 1/2-1/2

[Event "Team 45 45 League T38"]
[Site "Internet Chess Club"]
[Date "2008.08.16"]
[Round "4"]
[White "Toalla"]
[Black "theartist"]
[Result "1-0"]
[WhiteElo "1149"]
[BlackElo "1251"]
[Opening "Queen's pawn game"]
[ECO "A45"]
[Time "12:38:59"]
[TimeControl "2700+45"]

1. d4 Nf6 2. g3 e6 3. Bg2 c6 4. b3 d5 5. Bb2 Nbd7 6. Nf3 Be7 7. Qd3 O-O 8. O-O
Qc7 9. Nbd2 c5 10. c4 b6 11. Rac1 Bb7 12. e3 Rac8 13. Rfe1 Rfe8 14. Ng5 h6 15.
Nh3 Bf8 16. e4 dxe4 17. Nxe4 Nxe4 18. Bxe4 Bxe4 19. Qxe4 Nf6 20. Qf3 Be7 21. Nf4
Qd7 22. Rcd1 Qc6 23. d5 exd5 24. Nxd5 Nxd5 25. Qxd5 Qxd5 26. Rxd5 Bf6 27. Rxe8+
Rxe8 28. Bxf6 gxf6 29. Kf1 Re7 30. a4 Kg7 31. h4 Kf8 32. Rd8+ Re8 33. Rxe8+ Kxe8
34. Ke2 Ke7 35. Kf3 Ke6 36. Kg4 Ke5 37. Kh5 Kd4 38. Kxh6 Kc3 39. Kg7 Kxb3 40. h5
Kxc4 41. h6 Kd5 42. h7 c4 43. h8=Q c3 44. Qh1+ Kc4 45. Qb1 a6 46. Kxf6 b5 47.
Qa2+ Kb4 48. a5 Kc5 49. Kxf7 b4 50. Qb3 Kb5 51. Qa2 Kc5 52. Ke6 Kd4 53. Qc2 Kc5
54. g4 Kb5 55. Qa2 Kc5 56. g5 Kd4 57. Qc2 Kc4 58. Qa4 Kc5 59. g6 Kc4 60. Ke5 Kd3
61. Qb3 Kd2 62. Qxb4 Kc2 63. g7 Kd3 64. Qxc3+ Kxc3 65. g8=Q Kb4 66. Qf8+ Kxa5
67. Kd5 Kb5 68. Qc5+ Ka4 69. Kd4 a5 70. Qc4+ Ka3 71. Qc1+ Kb4 72. f4 a4 73. f5
a3 74. f6 a2 75. Qb2+ {Black resigns} 1-0

[Event "Team 45 45 League T38"]
[Site "Internet Chess Club"]
[Date "2008.08.17"]
[Round "4"]
[White "sra66"]
[Black "aifan376"]
[Result "0-1"]
[WhiteElo "1598"]
[BlackElo "1640"]
[Opening "King's Indian: Zinnowitz variation"]
[ECO "E90"]
[Time "13:16:23"]
[TimeControl "2700+45"]

1. d4 Nf6 2. c4 g6 3. Nc3 Bg7 4. e4 d6 5. Nf3 O-O 6. Bg5 c5 7. d5 e6 8. Bd3 e5
9. O-O Na6 10. a3 Nc7 11. Qd2 a6 12. h3 Bd7 13. Bh6 Qc8 14. g4 Bxg4 15. Bxg7
Kxg7 16. Nh2 Bxh3 17. Rfc1 Ng4 18. f3 Nxh2 19. Qxh2 Ne8 20. Bf1 Bxf1 21. Rxf1
Nf6 22. Kf2 Nh5 23. Rh1 Rh8 24. Rag1 Nf4 25. Qh6+ Kg8 26. Ke3 Qf8 27. Qg5 f6 28.
Qg4 Kf7 29. Ne2 Nxe2 30. Qe6+ Kg7 31. Kxe2 Rd8 32. Qg4 Qf7 33. Rh4 Kf8 34. Ke3
Ke7 35. f4 Rdf8 36. fxe5 fxe5 37. Qg5+ Qf6 38. Qg4 Qf2+ 39. Kd3 Rf3+ 40. Qxf3
Qxf3+ {White resigns} 0-1

[Event "Team 45 45 League T38"]
[Site "Internet Chess Club"]
[Date "2008.08.15"]
[Round "4"]
[White "GadsHill"]
[Black "oldsj"]
[Result "1-0"]
[WhiteElo "1546"]
[BlackElo "1597"]
[Opening "King's Indian: Petrosian system"]
[ECO "E92"]
[Time "19:00:37"]
[TimeControl "2700+45"]

1. d4 Nf6 2. c4 g6 3. Nc3 Bg7 4. e4 d6 5. Nf3 O-O 6. Be2 e5 7. d5 Na6 8. Nd2 Ne8
9. O-O f5 10. exf5 gxf5 11. f4 exf4 12. Nb3 f3 13. Bxf3 Be5 14. Qe1 f4 15. Ne2
Qg5 16. Ned4 Ng7 17. Bd2 Nc5 18. Bc3 Nd3 19. Qd2 Bf5 20. Ne6 Nxe6 21. dxe6 Bxc3
22. Qxc3 Ne5 23. Bxb7 Rae8 24. e7 Rxe7 25. Bd5+ Be6 26. Bxe6+ Rxe6 27. Nd4 Rg6
28. Rf2 Ng4 29. Re2 Ne3 30. Nf3 Qc5 31. Kh1 Qh5 32. b3 Rf7 33. Qd4 Rxg2 34. Rxe3
Rfg7 35. Qxf4 Qg6 36. Rae1 Rf7 37. Re8+ Kg7 38. Qd4+ Qf6 39. Qxf6+ {Black
resigns} 1-0